 Dungeon Crawl Stone Soup version 0.27-a0-668-gb5737ff2c0 (webtiles) character file.

Game seed: 3969153170903330899

58 lunkers the Skirmisher (level 4, -8/49 HPs)
             Began as an Ogre Fighter on Mar 17, 2021.
             Was an Initiate of Lugonu.
             Mangled by Terence
             ... wielding a +1 hand axe of distortion
              (10 damage)
             ... on level 2 of the Dungeon.
             The game lasted 00:03:09 (1650 turns).

lunkers the Skirmisher (Ogre Fighter)               Turns: 1650, Time: 00:03:10

Health: -8/49      AC:  3    Str: 21    XL:     4   Next: 1%
Magic:  3/4        EV:  8    Int:  9    God:    Lugonu [......]
Gold:   133        SH:  8    Dex:  8    Spells: 3/3 levels left

rFire    . . .     SeeInvis .   a - +0 flail
rCold    . . .     Faith    .   c - +0 kite shield
rNeg     . . .     Spirit   .   b - +0 robe
rPois    .         Reflect  .   (helmet restricted)
rElec    .         Harm     .   (no cloak)
rCorr    .         Rampage  .   (gloves unavailable)
Will     .....                  (boots unavailable)
Stlth    +.........             (no amulet)
HPRegen  0.16/turn              (no ring)
MPRegen  0.09/turn              (no ring)

@: no status effects
A: large, unfitting armour, tough skin 1
a: Renounce Religion


You were on level 2 of the Dungeon.
You worshipped Lugonu.
Lugonu was noncommittal.
You visited 1 branch of the dungeon, and saw 2 of its levels.
You visited the Abyss 1 time.

You collected 133 gold pieces.

Inventory:

Hand Weapons
 a - a +0 flail (weapon)
Missiles
 g - 74 stones (quivered)
Armour
 b - a +0 robe (worn)
 c - a +0 kite shield (worn)
Scrolls
 h - 2 scrolls of random uselessness {unknown}
Potions
 e - a potion of degeneration {unknown}
 f - a potion of flight {unknown}


   Skills:
 + Level 4.8 Fighting
 * Level 3.2 Maces & Flails
 - Level 2.6 Dodging
 - Level 2.6 Shields


You had 3 spell levels left.
You didn't know any spells.
Your spell library contained the following spells:

 Spells                   Type           Power      Damage    Failure   Level
 Animate Skeleton         Necr           0%         N/A       85%         1
 Apportation              Tloc           0%         N/A       85%         1
 Corona                   Hex            0%         N/A       85%         1
 Summon Small Mammal      Summ           0%         N/A       85%         1


Dungeon Overview and Level Annotations

Branches:
Dungeon (2/15)

Altars:

Shops:
D:2 *

Annotations:
D:2 Terence


Innate Abilities, Weirdness & Mutations

You are too large for most types of armour.
You have tough skin. (AC +1)


Message History

You block the ufetubus's attack.
Found a scroll labelled SIKUKL KOUTO.
You see here a phial of floods.
The ufetubus hits you. x2
You pass through the gate.
Welcome back to the Dungeon!
Level annotation: Terence You can no longer depart the Abyss at will.
Terence hits you with a +1 hand axe of distortion.
Terence screams, "I want your blood!" You block Terence's attack.
Terence is nearby!
Okay, then.
You sock Terence!
Terence is heavily wounded.
Terence hits you with a +1 hand axe of distortion.
Space bends around you.
You hit Terence.
Terence is severely wounded.
Terence barely misses you. You block Terence's attack.
Unknown command.
Your shield prevents you from hitting Terence.
Terence is severely wounded.
Terence hits you with a +1 hand axe of distortion.
Space warps horribly around you!
* * * LOW HITPOINT WARNING * * *
Unknown command.
You barely miss Terence.
Terence is severely wounded.
You block Terence's attack.
Terence hits you with a +1 hand axe of distortion.
* * * LOW HITPOINT WARNING * * *
Space bends around you.
* * * LOW HITPOINT WARNING * * *
You hit Terence but do no damage.
Terence is severely wounded.
Terence hits you with a +1 hand axe of distortion!
* * * LOW HITPOINT WARNING * * *
Space warps horribly around you!
You die...

#.......# #...##...#
#.####### #)..##...# #.#
#...###+## #.# #...# #.
#.# #...# #.
#.##################<..#
#.
#.................####.#
#. ############......#
#.# #. #@@....# #.# #
#.###### .# . #.# .# #.#
># #.# #.# #.# #.#


You could see Terence.

Vanquished Creatures
  2 adders (D:2)
  2 dart slugs (D:1)
  A leopard gecko (D:1)
  A ball python (D:1)
  3 giant cockroaches (D:1)
  2 goblins
  7 hobgoblins
  4 kobolds
  2 quokkas (D:2)
  4 bats (D:1)
  3 frilled lizards
  2 rats (D:1)
33 creatures vanquished.

Notes
Turn   | Place    | Note
-------+----------+-------------------------------------------
     0 | D:1      | lunkers the Ogre Fighter began the quest for the Orb.
     0 | D:1      | Reached XP level 1. HP: 24/24 MP: 1/1
   103 | D:1      | Reached XP level 2. HP: 31/32 MP: 2/2
   611 | D:1      | Reached XP level 3. HP: 40/40 MP: 3/3
   817 | D:2      | Found Ofeefupne's General Store.
   953 | D:2      | HP: 2/40 [adder (1)]
  1490 | D:2      | Reached XP level 4. HP: 48/49 MP: 4/4
  1569 | D:2      | Noticed Terence
  1572 | D:2      | Cast into level 1 of the Abyss (Terence)
  1572 | Abyss:1  | Found a corrupted altar of Lugonu.
  1625 | Abyss:1  | Noticed a ynoxinul
  1627 | Abyss:1  | Became a worshipper of Lugonu the Unformed
  1627 | Abyss:1  | Reached * piety under Lugonu
  1643 | Abyss:1  | Noticed a large abomination
  1645 | D:2      | Escaped the Abyss
  1650 | D:2      | HP: 2/49 [Terence/+1 hand axe of distortion (7)]
  1650 | D:2      | Mangled by Terence

Illustrated notes

Levels and vault maps discovered:
D:1:      nagdon_arrival_zigzag_paths, layout_rooms
D:2:      layout_basic, serial_shops, shop, shop, shop_fountains,
          chequers_ecumenical_altar_twisty, minmay_misc_feat_pillars,
          uniq_terence

Skill      XL: |  1  2  3 |
---------------+----------+-----
Maces & Flails | 2 3 |  3.2
Fighting       | |  4.8
Dodging        | |  2.6
Shields        | |  2.6

Action                   |  1- 3 |  4- 6 || total
-------------------------+-------+-------++-------
Melee: Flail             |    99 |     9 ||   108
Throw: Stone             |     7 |       ||     7
Invok: Depart the Abyss  |       |     1 ||     1
  Use: Potion            |     2 |     1 ||     3
Armor: Robe              |    34 |     4 ||    38
Dodge: Dodged            |    47 |     6 ||    53
Block: Kite shield       |    43 |     7 ||    50

Table legend: (Time is in decaauts)
 A = Elapsed time spent in this place.
 B = Non-inter-level travel time spent in this place.
 C = Inter-level travel time spent in this place.
 D = Time resting spent in this place.
 E = Time spent auto-exploring this place.
 F = Levels seen in this place.
 G = Mean time per level.
                   A        B        C        D        E       F      G
               +--------+--------+--------+--------+--------+-----+--------+
         Total |   1704 |   1696 |      8 |    159 |   1185 |   3 |  568.0 |
       Dungeon |   1631 |   1623 |      8 |    159 |   1181 |   2 |  815.5 |
         Abyss |     72 |     72 |      0 |      0 |      4 |   1 |   72.0 |
               +--------+--------+--------+--------+--------+-----+--------+

Top non-repeatable levels by time:
     D:1: 838 daAuts
     D:2: 793 daAuts
 Abyss:1: 72 daAuts
